 Dungeon Crawl Stone Soup version 0.20.1-1-g8b1a95d (webtiles) character file.

46 Lennu the Skirmisher (level 3, -4/33 HPs)
             Began as a Draconian Fighter on July 12, 2017.
             Slain by Lennu's ghost (11 damage)
             ... on level 3 of the Dungeon.
             The game lasted 00:03:49 (1561 turns).

Lennu the Skirmisher (Draconian Fighter)            Turns: 1561, Time: 00:03:50

Health: -4/33      AC:  5    Str: 24    XL:     3   Next: 44%
Magic:  3/3        EV: 11    Int:  8    God:
Gold:   51         SH:  9    Dex: 12    Spells: 2/2 levels left

rFire    . . .     SeeInvis .   a - +0 long sword
rCold    . . .     Gourm    .   b - +0 shield
rNeg     . . .     Faith    .   (armour unavailable)
rPois    .         Spirit   .   (helmet restricted)
rElec    .         Reflect  .   (no cloak)
rCorr    .         Harm     .   (no gloves)
MR       .....                  (no boots)
Stlth    +.........             (no amulet)
Regen    0.2/turn               k - +2 ring of dexterity (curse)
MPRegen  0.1/turn               (no ring)

@: mighty
A: unfitting armour, cold-blooded, AC +5
a: no special abilities


You were on level 3 of the Dungeon.
You were not hungry.

You visited 1 branch of the dungeon, and saw 3 of its levels.

You collected 51 gold pieces.

Inventory:

Hand Weapons
 a - a +0 long sword (weapon)
Armour
 b - a +0 shield (worn)
Jewellery
 k - a cursed +2 ring of dexterity (left hand)
Scrolls
 f - a scroll of teleportation
 o - a scroll of fog
Potions
 c - 4 potions of might
 e - a potion of ambrosia
 g - a potion of invisibility
 i - a potion of heal wounds {unknown}
 j - a potion of mutation {unknown}
 p - a potion of curing
Comestibles
 d - 2 bread rations
 h - a meat ration


   Skills:
 + Level 3.7 Fighting
 + Level 2.4 Long Blades
 + Level 3.1 Dodging
 + Level 0.8 Stealth
 + Level 3.3 Shields


You had 2 spell levels left.
You didn't know any spells.

Dungeon Overview and Level Annotations

Branches:
Dungeon (3/15)

Altars:

Annotations:
D:3 Lennu's ghost, amateur DrFi


Innate Abilities, Weirdness & Mutations

Your plain brown scales are hard. (AC +5)
You cannot fit into any form of body armour.
You are cold-blooded and may be slowed by cold attacks.


Message History

You feel very mighty all of a sudden.
You hit Lennu's ghost but do no damage. Lennu's ghost hits you!
You slash Lennu's ghost!
Lennu's ghost is moderately damaged.
Lennu's ghost says, "Are you willing to die fighting?
I was!"
Lennu's ghost barely misses you. You block Lennu's ghost's attack.
You hit Lennu's ghost.
Lennu's ghost is heavily damaged.
You block Lennu's ghost's attack.
You barely miss Lennu's ghost.
Lennu's ghost is heavily damaged.
Lennu's ghost hits you! Lennu's ghost hits you.
* * * LOW HITPOINT WARNING * * *
You completely miss Lennu's ghost. You tail-slap Lennu's ghost!
Lennu's ghost is heavily damaged.
You block Lennu's ghost's attack.
You barely miss Lennu's ghost. You tail-slap Lennu's ghost!
Lennu's ghost is almost destroyed.
Lennu's ghost hits you!
You die...

,,*,** *⌠,,,⌠* ***,,*≈+≈≈≈≈≈≈*,
##**,****,,,** **.#∩+≈≈≈≈≈≈*,
8##*,*8**,,,*########.#≈***≈≈**+,
..##,,,,,,,,*#.....#..##*,****,,,
..8#,,,,,,,,8#..(.......,,,,,,,,,
..##,,,,,,,,*#..........,,,*,*,,,
..#*,*8***8**#..........,,,*,,,,,
..##,*** **###..........,,,****,,
..8#########....@W......,,,,,,,,,
..##....................,,,******
..##.########...>.......,,,,,,,,,
..##.# ##.....#....,********
..8#.# #######*###** ..##.#
.....# ######


You could see Lennu's ghost.

Vanquished Creatures
  An ooze (D:2)
  A dart slug (D:1)
  A leopard gecko (D:1)
  A ball python (D:1)
  3 giant cockroaches
  4 hobgoblins
  8 kobolds (D:1)
  6 bats
  3 frilled lizards (D:1)
  4 goblins (D:1)
  3 rats (D:1)
35 creatures vanquished.

Notes
Turn   | Place    | Note
-------+----------+-------------------------------------------
     0 | D:1      | Lennu the Draconian Fighter began the quest for the Orb.
     0 | D:1      | Reached XP level 1. HP: 19/19 MP: 1/1
   114 | D:1      | Reached XP level 2. HP: 22/26 MP: 2/2
   741 | D:1      | Reached XP level 3. HP: 32/33 MP: 3/3
  1551 | D:3      | Noticed Lennu's ghost (amateur DrFi)
  1561 | D:3      | Slain by Lennu's ghost

Skill      XL: |  1  2 |
---------------+-------+-----
Dodging        | 3 |  3.1
Fighting       | |  3.7
Long Blades    | |  2.4
Stealth        | |  0.8
Shields        | |  3.3

Action                   || total
-------------------------++-------
Melee: Long sword        ||    91
       Tailslap          ||    10
  Use: Scroll            ||    10
       Potion            ||     1
 Stab: Distracted        ||     1
       Sleeping          ||     1
  Eat: Chunk             ||     2
Armor: Skin              ||    33
Dodge: Dodged            ||    45
Block: Shield            ||    47
       Rpst.: Long sword ||    17
